 Dungeon Crawl Stone Soup version 0.28.0 (webtiles) character file.

Game seed: 17406133386746710653

317 freelancePsychic the Cutter (level 6, -1/38 HPs)
             Began as a Kobold Warper on Feb 7, 2022.
             Was an Initiate of Okawaru.
             Slain by a scorpion (2 damage)
             ... on level 6 of the Dungeon.
             The game lasted 00:06:34 (4859 turns).

freelancePsychic the Cutter (Kobold Warper)         Turns: 4859, Time: 00:06:34

Health: -1/38      AC:  6    Str:  8    XL:     6   Next: 73%
Magic:  9/9        EV: 12    Int: 16    God:    Okawaru [......]
Gold:   186        SH:  0    Dex: 15    Spells: 9/9 levels left

rFire   + . .      SeeInvis .   a - +0 dagger
rCold   . . .      Faith    .   (no shield)
rNeg    . . .      Spirit   .   e - +0 ring mail {rF+}
rPois   .          Reflect  .   (no helmet)
rElec   .          Harm     .   s - +0 cloak
rCorr   .          Rampage  .   (no gloves)
Will    .....                   (no boots)
Stlth   +++.......              (no amulet)
HPRegen 0.12/turn               (no ring)
MPRegen 0.11/turn               (no ring)

@: lethally poisoned (-1 -> -5), hasted, very quick
A: small, no large weapons, nightstalker 3
a: Renounce Religion


You were on level 6 of the Dungeon.
You worshipped Okawaru.
Okawaru was noncommittal.
You visited 1 branch of the dungeon, and saw 6 of its levels.

You collected 186 gold pieces.

Inventory:

Hand Weapons
 a - a +0 dagger (weapon)
Armour
 b - a +0 leather armour
 e - a +0 ring mail of fire resistance (worn)
 l - a +0 buckler
 s - a +0 cloak (worn)
Jewellery
 f - an amulet of faith
Scrolls
 g - a scroll of vulnerability
 i - a scroll of fog
 k - 2 scrolls of fear
 n - a scroll of enchant armour {unknown}
Potions
 d - 3 potions of lignification {unknown}
 h - a potion of ambrosia {unknown}
 j - a potion of attraction
 o - a potion of heal wounds {@q2}
 p - a potion of cancellation {unknown}
 q - a potion of brilliance {unknown}
 r - a potion of flight {unknown}


   Skills:
 + Level 4.0 Fighting
 * Level 6.4 Short Blades
 - Level 1.1 Throwing
 - Level 0.7 Armour
 - Level 2.4 Dodging
 + Level 4.2 Stealth
 - Level 2.1 Spellcasting
 - Level 3.0 Translocations


You had 9 spell levels left.
You didn't know any spells.
Your spell library contained the following spells:

 Spells                   Type           Power      Damage    Failure   Level
 Blink                    Tloc           22%        N/A       28%         2
 Gell's Gravitas          Tloc           11%        N/A       50%         3
 Lesser Beckoning         Tloc           11%        N/A       50%         3
 Teleport Other           Tloc           11%        N/A       50%         3
 Manifold Assault         Tloc           11%        N/A       99%         5


Dungeon Overview and Level Annotations

Branches:
Dungeon (6/15)             Temple (0/1) D:5

Altars:
Nemelex Xobeh
Okawaru
Uskayaw

Annotations:
D:3 Ijyb
D:4 exclusion: black bear


Innate Abilities, Weirdness & Mutations

You are small and have problems with some larger weapons.
You are completely attuned to the shadows.


Message History

The scorpion stings you.
You hit the scorpion but do no damage.
The scorpion is lightly wounded.
The scorpion stings you!
You hit the scorpion.
The scorpion is moderately wounded.
You hit the scorpion but do no damage.
The scorpion is moderately wounded.
The scorpion stings you.
You are poisoned.
The scorpion poisons you!
You hit the scorpion but do no damage.
The scorpion is moderately wounded.
You feel sick. The scorpion stings you.
It was a potion of haste.
You feel yourself speed up.
You feel sick. The scorpion closely misses you.
You barely miss the scorpion.
The scorpion is moderately wounded.
You feel sick. The scorpion stings you.
* * * LOW HITPOINT WARNING * * *
You hit the scorpion but do no damage.
The scorpion is moderately wounded.
* * * LOW HITPOINT WARNING * * *
You feel sick.
You hit the scorpion but do no damage.
The scorpion is moderately wounded.
* * * LOW HITPOINT WARNING * * *
You feel sick. The scorpion stings you.
* * * LOW HITPOINT WARNING * * *
You hit the scorpion but do no damage.
The scorpion is moderately wounded.
You hit the scorpion.
The scorpion is moderately wounded.
* * * LOW HITPOINT WARNING * * *
You feel sick. The scorpion barely misses you.
You barely miss the scorpion.
The scorpion is moderately wounded.
* * * LOW HITPOINT WARNING * * *
You feel sick. The scorpion stings you.
You die...

..........
.......... #...
......... ....
###.._..####..PP
................
......##...@....
...##.#####.s...
.. #..####.....
. ###..#......(.
......<.#......
.....#..#..
.....#.....
...(##.....
...#.....#.


You could see a scorpion.

Vanquished Creatures
  A black bear (D:4)
  2 iguanas
  A hound skeleton (D:4)
  7 adders
  An adder skeleton (D:4)
  5 dart slugs
  2 orcs
  7 ball pythons
  5 endoplasms
  6 giant cockroaches
  5 goblins
  6 hobgoblins
  9 jackals (D:1)
  8 kobolds
  4 quokkas
  A bat (D:1)
  3 frilled lizards
  5 rats
78 creatures vanquished.

Vanquished Creatures (others)
  20 plants
20 creatures vanquished.

Grand Total: 98 creatures vanquished

Notes
Turn   | Place    | Note
-------+----------+-------------------------------------------
     0 | D:1      | freelancePsychic the Kobold Warper began the quest for the
                  | Orb.
     0 | D:1      | Reached XP level 1. HP: 12/12 MP: 3/3
   108 | D:1      | Reached skill level 3 in Short Blades
   116 | D:1      | Reached skill level 1 in Stealth
   116 | D:1      | Reached XP level 2. HP: 10/18 MP: 5/5
   590 | D:1      | Reached XP level 3. HP: 15/22 MP: 6/6
  1040 | D:1      | Reached skill level 4 in Short Blades
  1671 | D:2      | Reached XP level 4. HP: 27/27 MP: 7/7
  2807 | D:3      | Reached XP level 5. HP: 25/32 MP: 8/8
  3105 | D:3      | Noticed Ijyb
  3113 | D:3      | Paralysed by Ijyb for 2 turns
  3273 | D:4      | Reached skill level 5 in Short Blades
  3419 | D:4      | Noticed a black bear
  3437 | D:4      | Found an iron altar of Okawaru.
  3558 | D:4      | Became a worshipper of Warmaster Okawaru
  3590 | D:4      | Found a sparkling altar of Nemelex Xobeh.
  3879 | D:5      | Entered Level 5 of the Dungeon
  3893 | D:5      | Found a staircase to the Ecumenical Temple.
  3943 | D:5      | Noticed a black bear
  3944 | D:5      | Noticed an ogre
  4067 | D:4      | Killed a black bear
  4068 | D:4      | Reached skill level 6 in Short Blades
  4068 | D:4      | Reached XP level 6. HP: 12/38 MP: 9/9
  4080 | D:4      | Noticed an ogre
  4814 | D:6      | Found a hide-covered altar of Uskayaw.
  4859 | D:6      | HP: 1/38 [poisoned by a scorpion]
  4859 | D:6      | Slain by a scorpion

Illustrated notes

Levels and vault maps discovered:
D:1:      dpeg_arrival_castle, layout_loops_cross, minmay_tetromino_i4
D:2:      layout_loops_ring
D:3:      layout_rooms, st_stairs_3, serial_bayou_pond_d, uniq_ijyb
D:4:      layout_cave_pools, mainiacjoe_overflow_catch_the_wave,
          corexii_checkpoint_a
D:5:      layout_basic, minmay_temple_entry_statues_fountains,
          ebering_ghost_sewer_f, due_unseen_surprise, uniq_pikel, uniq_duvessa,
          uniq_edmund
D:6:      layout_cave_pools, mainiacjoe_overflow_boulevard, serial_column_ruins,
          column_ruins_grid_1, column_ruins_grid_1, column_ruins_open_tiny,
          column_ruins_corridor_straight, column_ruins_grid_1,
          roderic_lattice_a, uniq_maggie, uniq_blork_the_orc, uniq_sigmund,
          uniq_eustachio

Skill      XL: |  1  2  3  4  5 |
---------------+----------------+-----
Short Blades   | 3 4 6 |  6.4
Stealth        | 1 2 4 |  4.2
Fighting       | 3 4 |  4.0
Throwing       | |  1.1
Armour         | |  0.7
Dodging        | |  2.4
Spellcasting   | |  2.1
Translocations | |  3.0

Action                   |  1- 3 |  4- 6 || total
-------------------------+-------+-------++-------
Melee: Short sword       |    58 |       ||    58
       Dagger            |   117 |   205 ||   322
       Punch             |     1 |     4 ||     5
Throw: Boomerang         |     5 |       ||     5
  Use: Potion            |     2 |     3 ||     5
       Scroll            |     1 |     8 ||     9
 Stab: Sleeping          |    14 |    22 ||    36
Armor: Leather armour    |    30 |     1 ||    31
       Ring mail         |       |    35 ||    35
Dodge: Dodged            |   136 |    80 ||   216
